Map: 瑟拉斯废墟

Players

shengy

  • Race: Zerg Zerg
  • League: Gold

BIG - Winner!

  • Race: Protoss Protoss
  • League: Silver

VOD

Have the link to the VOD?

Description

Time

  • Played on: Nov. 24, 2015, 10:42 p.m.
  • Length: 6:18
Show
View Real Time Build Order
Export as new Build Order

shengy Zerg 

Build Orders: 3 Hatch before Pool 

Get SALT Encoding   

  12  0:01  Drone  
  13  0:08  Drone  
  14  0:17  Overlord  
  14  0:35  Drone  
  14  0:36  Drone x2  
  17  0:49  Drone  
  18  0:59  Hatchery  
  18  1:04  Drone  
  18  1:08  Drone  
  19  1:21  Drone  
  20  1:36  Hatchery  
  19  1:44  Spawning Pool  
  18  1:49  Overlord  
  18  1:58  Drone  
  19  2:05  Overlord  
  19  2:14  Drone x3  
  22  2:24  Drone x2  
  24  2:33  Drone  
  24  2:35  Queen  
  27  2:47  Queen  
  27  2:48  Queen  
  27  2:50  Overlord  
  31  3:03  Overlord  
  31  3:05  Drone x4  
  35  3:11  Extractor x2  
  33  3:16  Drone  
  33  3:17  Drone x3  
  37  3:27  Roach Warren  
  36  3:37  Drone  
  36  3:38  Drone x3  
  39  3:41  Drone x3  
  39  3:43  Drone  
  39  3:46  Extractor  
  42  3:59  Drone x5  
  42  4:00  Drone  
  48  4:03  Overlord  
  48  4:06  Zergling x2  
  49  4:11  Extractor  
  49  4:15  Drone  
  49  4:16  Drone x2  
  49  4:17  Drone x3  
  53  4:22  Queen  
  56  4:29  Zergling x2  
  57  4:33  Lair  
  57  4:38  Evolution Chamber  
  56  4:39  Drone, Evolution Chamber  
  56  4:41  Drone x3  
  59  4:49  Roach  
  59  4:50  Roach x3  
  59  4:52  Roach  
  69  4:55  Roach  
  69  4:59  Roach  
  73  5:06  Overlord  
  73  5:19  Overlord  
  73  5:20  Overlord  
  72  5:25  Overlord  
  72  5:27  Roach x3  
  72  5:28  Roach x2  
  77  5:44  Overseer  
  77  5:46  Roach x2  
  77  5:47  Roach x4  
Show
View Real Time Build Order
Export as new Build Order

BIG Protoss - Winner!

Build Orders:  

Get SALT Encoding   

  12  0:02  Probe (Chrono Boost)  
  13  0:12  Probe (Chrono Boost)  
  14  0:23  Probe (Chrono Boost)  
  15  0:35  Pylon  
  15  0:53  Probe (Chrono Boost)  
  16  1:01  Gateway  
  16  1:03  Probe (Chrono Boost)  
  17  1:05  Pylon  
  17  1:14  Probe (Chrono Boost)  
  17  1:16  Assimilator  
  18  1:21  Assimilator  
  18  1:25  Probe (Chrono Boost)  
  19  1:35  Pylon, Probe (Chrono Boost)  
  20  1:46  Probe (Chrono Boost)  
  21  1:56  Probe (Chrono Boost)  
  22  2:07  Probe (Chrono Boost)  
  22  2:08  Cybernetics Core  
  23  2:16  Zealot  
  23  2:17  Probe (Chrono Boost)  
  23  2:21  Pylon  
  26  2:45  Gateway  
  26  2:46  Gateway  
  26  2:47  Gateway, Warp Gate (Chrono Boost)  
  26  2:52  Pylon  
  26  3:00  Zealot  
  28  3:27  Adept  
  28  3:30  Gateway  
  30  3:34  Adept x2  
  30  3:37  Adept  
  36  3:59  Adept  
  36  4:01  Zealot  
  36  4:02  Adept  
  42  4:17  Zealot  
  42  4:22  Pylon  
  42  4:23  Pylon  
  44  4:41  Stalker  
  44  4:42  Stalker  
  48  4:56  Stalker x3  
  54  5:13  Adept x2  
  58  5:30  Stalker x3  
  58  5:32  Pylon  
  59  6:03  Stalker x4  
  65  6:05  Zealot  
Tags
 
Add a new tag
Caveats
  • Supply blocks, unpowered buildings, or Contaminate may cause inaccurate times.
  • Supply counts are checked every 10 seconds.